 Dungeon Crawl Stone Soup version 0.26-a0-610-g3e9335bbc7 (webtiles) character file.

Game seed: 1755192018346989391

8081 GeoCrane the Cleaver (level 11, -7/97 HPs)
             Began as a Minotaur Gladiator on Sept 3, 2020.
             Was a Priest of Okawaru.
             Mangled by an orc knight
             ... wielding a +0 halberd
              (35 damage)
             ... in a bailey.
             The game lasted 00:27:25 (10860 turns).

GeoCrane the Cleaver (Minotaur Gladiator)          Turns: 10860, Time: 00:27:26

Health: -7/97      AC: 12    Str: 22    XL:     11   Next: 5%
Magic:  10/10      EV: 11    Int:  5    God:    Okawaru [***...]
Gold:   670        SH: 17    Dex: 12    Spells: 10/10 levels left

rFire    + . .     SeeInvis +   a - +3 hand axe (vorpal)
rCold    + . .     Faith    .   v - +0 tower shield
rNeg     . . .     Spirit   .   r - +4 scale mail {rC+}
rPois    .         Reflect  .   c - +1 hat
rElec    .         Harm     .   (no cloak)
rCorr    .                      (no gloves)
MR       .....                  t - +0 pair of boots
Stlth    ..........             R - amulet of magic regeneration
HPRegen  0.26/turn              f - ring of protection from fire
MPRegen  0.37/turn              H - ring of see invisible (curse)

@: very slightly contaminated, invisible
A: retaliatory headbutt, horns 2
a: Heroism, Renounce Religion


You were in a bailey.
You worshipped Okawaru.
Okawaru was most pleased with you.
You visited 2 branches of the dungeon, and saw 11 of its levels.
You also visited: Sewer and Bailey.

You collected 670 gold pieces.

Inventory:

Hand Weapons
 a - a +3 vorpal hand axe (weapon)
 q - a +0 war axe
 L - a +3 arbalest
 V - a +3 hand axe
Missiles
 d - 4 throwing nets
 h - 2 datura-tipped darts
 x - 28 poisoned darts (quivered)
 Q - 5 javelins
Armour
 b - a +0 leather armour
 c - a +1 hat (worn)
 l - a +0 kite shield
 r - a +4 scale mail of cold resistance (worn)
 t - a +0 pair of boots (worn)
 v - a +0 tower shield (worn)
Jewellery
 f - a ring of protection from fire (left hand)
 D - a +6 ring of dexterity
 H - a cursed ring of see invisible (right hand)
 R - an amulet of magic regeneration (around neck)
 T - an uncursed ring of flight
Wands
 g - a wand of acid (8)
 m - a wand of digging (7)
 G - a wand of iceblast (7)
 J - a wand of paralysis (8)
 N - a wand of random effects (20)
 O - a wand of disintegration (6)
 U - a wand of flame (4)
Scrolls
 j - a scroll of fog
 k - 3 scrolls of remove curse
 p - 2 scrolls of teleportation
 u - 2 scrolls of enchant armour
 w - a scroll of fear
 y - 6 scrolls of enchant weapon
 E - 2 scrolls of blinking
Potions
 e - 3 potions of mutation
 i - 3 potions of flight
 n - 2 potions of haste
 o - 2 potions of invisibility
 s - 9 potions of curing
 z - 2 potions of brilliance
 A - 10 potions of heal wounds {unknown}
 B - 3 potions of stabbing {unknown}
 C - 5 potions of might {unknown}
 F - a potion of cancellation {unknown}
 I - 3 potions of berserk rage {unknown}
 K - a potion of magic {unknown}
 M - 2 potions of degeneration {unknown}
 P - a potion of resistance
 S - a potion of lignification {unknown}


   Skills:
 + Level 9.0 Fighting
 * Level 12.5 Axes
 - Level 6.0 Throwing
 + Level 8.7 Dodging
 + Level 8.4 Shields


You had 10 spell levels left.
You didn't know any spells.
Your spell library contained the following spells:

 Spells                   Type           Power        Failure   Level
 Foxfire                  Conj/Fire      #...         100%        1
 Magic Dart               Conj           #...         100%        1
 Searing Ray              Conj           #.....       100%        2
 Conjure Flame            Conj/Fire      #.......     100%        3
 Dazzling Flash           Conj/Hex       #.....       100%        3
 Inner Flame              Hex/Fire       #.......     100%        3
 Fulminant Prism          Conj/Hex       #.........   100%        4
 Iskenderun's Mystic Bla  Conj/Tloc      #.......     100%        4
 Sticky Flame             Conj/Fire      #.......     100%        4
 Fireball                 Conj/Fire      #.........   100%        5


Dungeon Overview and Level Annotations

Branches:
Dungeon (10/15)            Temple (1/1) D:7             Orc (0/2) D:9
  Sewer (visited)          Bailey (1/1)
   Lair: D:8-11

Altars:
Ashenzari
Cheibriados
Dithmenos
Elyvilon
Fedhas
Gozag
Hepliaklqana
Kikubaaqudgha
Makhleb
Nemelex Xobeh
Okawaru
Qazlal
Ru
Sif Muna
Trog
Uskayaw
Vehumet
Wu Jian
Xom
Yredelemnul
Zin
The Shining One

Shops:
D:8 [   D:9 (


Innate Abilities, Weirdness & Mutations

You reflexively headbutt those who attack you in melee.
You have a pair of horns on your head.


Message History

The orc knight hits you with a +0 halberd!!
* * * LOW HITPOINT WARNING * * *
You are too injured to fight recklessly!
You hit the orc knight.
The orc knight is heavily wounded.
You hit the orc knight but do no damage.
You block the orc knight's attack. x2
You hit the orc knight but do no damage.
The orc knight is heavily wounded.
You hit the orc knight. You slash the orc knight!
The orc knight is severely wounded.
You hit the orc knight but do no damage.
The orc knight closely misses you. You block the orc knight's attack.
You barely miss the orc knight.
The orc knight is severely wounded.
You hit the orc knight but do no damage.
You block the orc knight's attack.
The orc knight hits you with a +0 halberd!!
You die...

#.....#
#.)...#
#.....#
##'''##
##.....##
#...)...#
#...)...#
#...o...#
#..@o...#
#..)))).#
##.))).##
###)###
#...#
#...#
#...#
#...#
###'###


You could see 2 orc knights.

Vanquished Creatures
  Harold (D:9)
  Joseph (D:9)
  Maggie (D:9)
  3 trolls
  A hippogriff (D:9)
  Sigmund (D:3)
  6 yaks (D:9)
  A wyvern (D:10)
  Grum (D:10)
  A steam dragon (D:8)
  A black bear (D:7)
  8 orc warriors
  5 ice beasts
  A phantom (D:8)
  2 ogres
  An eye of draining (D:9)
  4 centaurs
  3 wolves (D:10)
  2 big kobolds (D:8)
  5 bullfrogs
  A water moccasin zombie (D:6)
  3 scorpions
  4 killer bees (D:8)
  2 howler monkeys (D:6)
  3 wights (D:7)
  2 orc priests
  4 jellies
  8 orc wizards
  Terence (D:2)
  Jessica (D:2)
  A centaur skeleton (D:7)
  Ijyb (D:3)
  3 iguanas
  7 worker ants
  A hound zombie (D:5)
  A hound skeleton (D:5)
  A worker ant zombie (D:6)
  A howler monkey skeleton (D:9)
  13 adders
  4 gnolls (D:8)
  8 river rats (Sewer)
  A white imp (D:9)
  An ufetubus (D:9)
  2 oozes
  An adder zombie (D:5)
  2 adder skeletons
  3 worms
  3 dart slugs (D:1)
  6 leopard geckos
  63 orcs
  5 ball pythons
  4 giant cockroaches
  13 goblins
  7 hobgoblins
  6 jackals
  4 quokkas
  4 bats
  6 frilled lizards
  33 kobolds
  23 rats
306 creatures vanquished.

Vanquished Creatures (others)
  5 plants
5 creatures vanquished.

Grand Total: 311 creatures vanquished

Notes
Turn   | Place    | Note
-------+----------+-------------------------------------------
     0 | D:1      | GeoCrane the Minotaur Gladiator began the quest for the
                  | Orb.
     0 | D:1      | Reached XP level 1. HP: 18/18 MP: 0/0
   109 | D:1      | Reached XP level 2. HP: 17/25 MP: 1/1
   213 | D:1      | Reached skill level 4 in Axes
   604 | D:1      | Reached XP level 3. HP: 29/30 MP: 2/2
   998 | D:2      | Noticed Jessica
  1000 | D:2      | Killed Jessica
  1135 | D:2      | Reached XP level 4. HP: 33/38 MP: 3/3
  1439 | D:2      | Noticed Terence
  1457 | D:2      | Killed Terence
  1457 | D:2      | Reached skill level 1 in Shields
  2323 | D:3      | Noticed Ijyb
  2336 | D:3      | Killed Ijyb
  2336 | D:3      | Reached skill level 5 in Axes
  2336 | D:3      | Reached XP level 5. HP: 25/45 MP: 4/4
  2436 | D:3      | Found a glowing drain.
  2461 | Sewer    | Entered a sewer
  2775 | Sewer    | Reached XP level 6. HP: 52/52 MP: 5/5
  3197 | D:3      | Found a sacrificial altar of Ru.
  3387 | D:3      | Noticed Sigmund
  3407 | D:3      | Killed Sigmund
  3407 | D:3      | Reached skill level 6 in Axes
  3427 | D:3      | Reached XP level 7. HP: 60/60 MP: 6/6
  4314 | D:4      | Reached skill level 5 in Dodging
  4413 | D:4      | Found a burning altar of Makhleb.
  4538 | D:5      | Entered Level 5 of the Dungeon
  4557 | D:5      | Reached skill level 7 in Axes
  4643 | D:5      | Reached skill level 5 in Fighting
  4792 | D:5      | Found a hazy altar of Hepliaklqana.
  5069 | D:5      | Found a blossoming altar of Fedhas.
  5284 | D:6      | Reached XP level 8. HP: 68/68 MP: 7/7
  5298 | D:6      | Noticed a troll
  5323 | D:6      | Killed a troll
  5328 | D:6      | Reached skill level 8 in Axes
  6075 | D:6      | Reached skill level 5 in Throwing
  6075 | D:6      | Reached skill level 5 in Shields
  6210 | D:6      | Reached skill level 9 in Axes
  6221 | D:6      | Reached XP level 9. HP: 72/75 MP: 8/8
  7055 | D:7      | Found a staircase to the Ecumenical Temple.
  7087 | Temple   | Entered the Ecumenical Temple
  7474 | D:8      | Found an iron altar of Okawaru.
  7480 | D:8      | Reached skill level 10 in Axes
  7585 | D:8      | Found an opulent altar of Gozag.
  7849 | D:8      | Found Tedghu's Antique Armour Shop.
  8114 | D:8      | Became a worshipper of Warmaster Okawaru
  8146 | D:8      | Found a stormy altar of Qazlal.
  8210 | D:9      | Noticed a troll
  8221 | D:8      | Killed a troll
  8221 | D:8      | Reached XP level 10. HP: 82/86 MP: 9/9
  8330 | D:9      | Found a staircase to the Orcish Mines.
  8358 | D:9      | Noticed Maggie
  8382 | D:9      | Killed Maggie
  8382 | D:9      | Reached skill level 11 in Axes
  8588 | D:9      | Noticed Harold
  8611 | D:9      | Killed Harold
  8611 | D:9      | Reached * piety under Okawaru
  8777 | D:9      | Found a shattered altar of Ashenzari.
  8877 | D:9      | Reached ** piety under Okawaru
  9025 | D:9      | Found a sparkling altar of Nemelex Xobeh.
  9025 | D:9      | Found a glowing silver altar of Zin.
  9142 | D:9      | Found Lirhituh's Antique Weapon Emporium.
  9151 | D:9      | Noticed Joseph
  9190 | D:9      | Reached skill level 12 in Axes
  9203 | D:9      | Killed Joseph
  9203 | D:9      | Reached *** piety under Okawaru
  9725 | D:10     | Entered Level 10 of the Dungeon
  9725 | D:10     | Noticed Grum
  9946 | D:10     | Killed Grum
 10177 | D:10     | Found a flagged portal.
 10192 | Bailey   | Entered a bailey
 10349 | Bailey   | Reached XP level 11. HP: 63/95 MP: 10/10
 10827 | Bailey   | Noticed an orc knight
 10827 | Bailey   | Noticed an orc knight
 10860 | Bailey   | Mangled by an orc knight

Illustrated notes

Levels and vault maps discovered:
D:1:      lightli_arrival_statuegarden, layout_loops_ring, corexii_corridor_pit
D:2:      layout_basic, kennysheep_another_room, chequers_big_river,
          minmay_misc_feat_rows, uniq_jessica, uniq_terence
D:3:      layout_basic, portal_sewer_entry_d, minmay_door_square,
          nicolae_ru_awakened_eye, uniq_ijyb, uniq_sigmund
D:4:      layout_basic, kennysheep_little_box, serial_bayou_pond_e,
          kennysheep_donut, minivault_14, roderic_serpentine_path
D:5:      layout_loops_ring, fedhas_altar_fruit_tree, old_standard_altar
D:6:      layout_loops_corners
D:7:      layout_cave_pools, minmay_temple_entry_offerings
D:8:      layout_rooms, okawaru_trees_2, nicolae_qazlal_eye_of_the_storm,
          serial_shops, nicolae_shop_window_shopping, grunt_gozag_breadcrumbs
D:9:      layout_cave_pods, evilmike_ruin_ashenzari,
          chequers_temple_overflow_statue_of_worship, orc_0_dummy, serial_shops,
          nicolae_shop_statue_plus, grunt_ministairs_7, uniq_maggie,
          uniq_joseph, uniq_harold
D:10:     layout_roguey, lair_entry_dummy, enter_bailey_2, wad_scary_box,
          uniq_grum
Temple:   eino_temple_lava
Bailey:   bailey_polearm_5, bailey

Skill      XL: |  1  2  3  4  5  6  7  8  9 10 11 |
---------------+----------------------------------+-----
Axes           | 4 5 6 7 9 10 12 | 12.5
Fighting       | 3 4 5 6 7 8 9 |  9.0
Shields        | 1 2 3 5 6 8 |  8.4
Dodging        | 4 5 6 7 8 |  8.7
Throwing       | 3 4 5 6 |  6.0

Action                   |  1- 3 |  4- 6 |  7- 9 | 10-12 || total
-------------------------+-------+-------+-------+-------++-------
Melee: War axe           |    62 |    24 |       |       ||    86
       Headbutt          |    11 |    23 |    84 |    59 ||   177
       Hand axe          |       |   145 |   355 |   259 ||   759
  Use: Scroll            |       |     1 |    14 |     1 ||    16
       Potion            |       |       |       |     1 ||     1
 Stab: Invisible         |       |       |       |     1 ||     1
Armor: Leather armour    |    14 |     3 |       |       ||    17
       Scale mail        |       |    56 |    86 |    41 ||   183
Dodge: Dodged            |    31 |    34 |    82 |    76 ||   223
Block: Kite shield       |     2 |    15 |       |       ||    17
       Tower shield      |       |    82 |   269 |   239 ||   590

Table legend: (Time is in decaauts)
 A = Elapsed time spent in this place.
 B = Non-inter-level travel time spent in this place.
 C = Inter-level travel time spent in this place.
 D = Time resting spent in this place.
 E = Time spent auto-exploring this place.
 F = Levels seen in this place.
 G = Mean time per level.
                   A        B        C        D        E       F      G
               +--------+--------+--------+--------+--------+-----+--------+
         Total |  10916 |  10591 |    325 |    872 |   7821 |  13 |  839.7 |
       Dungeon |   9537 |   9221 |    316 |    607 |   7129 |  10 |  953.7 |
        Temple |     68 |     59 |      9 |      0 |     58 |   1 |   68.0 |
         Sewer |    657 |    657 |      0 |      0 |    420 |   1 |  657.0 |
        Bailey |    653 |    653 |      0 |    265 |    214 |   1 |  653.0 |
               +--------+--------+--------+--------+--------+-----+--------+

Top non-repeatable levels by time:
     D:9: 1682 daAuts
     D:2: 1333 daAuts
     D:6: 1212 daAuts
     D:1: 1012 daAuts
     D:7: 915 daAuts
     D:4: 850 daAuts
     D:8: 808 daAuts
     D:3: 790 daAuts
     D:5: 672 daAuts
   Sewer: 657 daAuts
  Bailey: 653 daAuts
    D:10: 261 daAuts
  Temple: 68 daAuts
